 Dungeon Crawl Stone Soup version 0.31-a0-231-g51bb95cda3 (webtiles) character file.

Game seed: 18254132626201023283

182 qw the Shooter (level 5, -2/30 HPs)
             Began as a Gargoyle Hexslinger on July 6, 2023.
             Slain by an orc
             ... wielding a +0 flail
              (4 damage)
             ... on level 3 of the Dungeon.
             The game lasted 00:00:53 (1882 turns).

qw the Shooter (Gargoyle Hexslinger)                Turns: 1882, Time: 00:00:53

Health: -2/30      AC: 10    Str: 11    XL:     5   Next: 62%
Magic:  0/6        EV: 10    Int: 14    God:
Gold:   92         SH:  0    Dex: 14    Spells: 5/6 levels left

rFire   . . .        Y - +1 sling
rCold   . . .        (no shield)
rNeg    + . .        i - +0 ring mail
rPois   inf          h - +0 helmet
rElec   +            (no cloak)
rCorr   .            (no gloves)
SInv    .            (no boots)
Will    .....        g - amulet of guardian spirit
Stlth   +            (no ring)
HPRegen 0.25/turn    (no ring)
MPRegen 0.10/turn

%: guardian spirit
@: about to teleport
A: sickness immunity, AC +4, negative energy resistance 1, electricity
resistance, torment resistance 1, petrification resistance
a: no special abilities


You were on level 3 of the Dungeon.
You visited 1 branch of the dungeon, and saw 3 of its levels.

You collected 137 gold pieces.
You spent 45 gold pieces at shops.


Innate Abilities, Weirdness & Mutations

You are immune to sickness and miasma.
Your stone body is resilient. (AC +4)
You are immune to poison.
You resist negative energy. (rN+)
You are resistant to electric shocks. (rElec)
You are resistant to unholy torment.
You are immune to petrification.


   Skills:
 + Level 2.2 Fighting
 - Level 5.1 Ranged Weapons
 - Level 1.3 Armour
 - Level 1.5 Dodging
 - Level 1.0 Spellcasting
 - Level 2.6 Hexes


You had 5 spell levels left.
You knew the following spells:

 Your Spells              Type           Power      Damage    Failure   Level
a - Slow                  Hex            32%        N/A       21%         1

Your spell library contained the following spells:

 Spells                   Type           Power      Damage    Failure   Level
 Inner Flame              Hex/Fire       4%         N/A       71%         3
 Portal Projectile        Hex/Tloc       8%         N/A       71%         3
 Cause Fear               Hex            4%         N/A       90%         4

Inventory:

Hand Weapons
 Y - a +1 sling (weapon)
Armour
 h - a +0 helmet (worn)
 i - a +0 ring mail (worn)
Jewellery
 c - an amulet of the acrobat
 g - an amulet of guardian spirit (around neck)
 m - a ring of ice
Scrolls
 a - 4 scrolls of identify
 l - a scroll of enchant armour {unknown}
Potions
 b - a potion of invisibility {unknown}
 d - a potion of heal wounds {unknown}
 e - a potion of resistance {unknown}
 f - a potion of might {unknown}
 k - a potion of degeneration {unknown}

Dungeon Overview and Level Annotations

Branches:
Dungeon (3/15)

Altars:

Shops:
D:2 [


Message History

The adder completely misses you. The orc hits you but does no damage.
The orc closely misses you. The adder closely misses you. The orc misses you.
The orc barely misses you. The orc closely misses you.
You shoot a sling bullet. The sling bullet hits the adder.
The adder is lightly wounded.
The adder barely misses you. The orc hits you with a +0 hand axe.
The orc barely misses you. The orc hits you with a +0 flail.
The adder bites you but does no damage.
You shoot a sling bullet. The sling bullet hits the adder.
The adder is heavily wounded.
The adder misses you. The orc barely misses you.
The orc hits you but does no damage. The orc barely misses you.
You shoot a sling bullet.
The sling bullet closely misses the adder.
The adder bites you but does no damage. The orc hits you with a +0 hand axe.
The orc closely misses you. The orc hits you with a +0 flail.
The adder bites you.
You shoot a sling bullet.
The sling bullet barely misses the adder.
The adder bites you. The orc closely misses you.
The orc hits you but does no damage. x2; The orc hits you with a +0 hand axe.
The orc barely misses you. The adder bites you but does no damage.
The orc hits you but does no damage.
You shoot a sling bullet. The sling bullet misses the adder.
The adder bites you. The orc hits you with a +0 hand axe. The orc misses you.
The orc hits you with a +0 flail! The adder barely misses you.
1880 ||| READING scroll of teleportation.
As you read the scroll of teleportation, it crumbles to dust.
You feel strangely unstable.
The orc hits you but does no damage. x2; The orc barely misses you.
The adder bites you but does no damage.
You shoot a sling bullet.
The sling bullet barely misses the adder.
The adder bites you but does no damage. The orc hits you with a +0 hand axe.
The orc closely misses you. The orc hits you with a +0 flail.
You shoot a sling bullet. The sling bullet hits the adder.
The adder is severely wounded.
The adder bites you but does no damage. The orc hits you with a +0 hand axe.
The orc closely misses you. The orc hits you with a +0 flail.
You die...

...# #..# #..#
#### .# #..#
####..... ..
#..###......?.
#.##......##.#.##
#..>.............
#....Soo..#
#######.###@##.#
........#
#.o).....
###...>.#
#.##.####
#.#.......# #.# #
#..>......###.##
###.#.##.........
#.#.##..###(###
#.#.##..# #.#
#...##..#


You could see an adder and 3 orcs.

Vanquished Creatures
  A scorpion (D:3)
  A sleepcap (D:3)
  3 adders
  3 worms
  2 dart slugs
  2 orcs (D:3)
  4 ball pythons
  2 bats (D:1)
  9 endoplasms
  3 giant cockroaches
  4 goblins
  4 hobgoblins
  2 jackals (D:2)
  8 kobolds
  3 quokkas
  4 frilled lizards
  2 rats
57 creatures vanquished.

Notes
Turn   | Place    | Note
-------+----------+-------------------------------------------
     0 | D:1      | qw the Gargoyle Hexslinger began the quest for the Orb.
     0 | D:1      | Reached XP level 1. HP: 12/12 MP: 2/2
     0 | D:1      | 0 ||| qw: Version: 0.3-a-46-gb1f654a
     0 | D:1      | 0 ||| qw: Game counter: 1904
     0 | D:1      | 0 ||| qw: Melee chars always use a shield: true
     0 | D:1      | 0 ||| qw: God list: Okawaru
     0 | D:1      | 0 ||| qw: Allow faded altars: false
     0 | D:1      | 0 ||| qw: Do Orc after clearing Dungeon:15 true
     0 | D:1      | 0 ||| qw: Do second Lair branch before Depths: true
     0 | D:1      | 0 ||| qw: Lair rune preference: random
     0 | D:1      | 0 ||| qw: Goals: Normal
     0 | D:1      | 0 ||| PLANNING D:1-11
   103 | D:1      | Reached XP level 2. HP: 16/16 MP: 3/3
   174 | D:1      | Reached skill level 3 in Ranged Weapons
   470 | D:1      | Reached XP level 3. HP: 13/21 MP: 4/4
   801 | D:1      | 801 ||| UPGRADING to +0 leather armour.
   811 | D:1      | 811 ||| DROPPING +0 robe.
   812 | D:1      | 812 ||| UPGRADING to +0 ring mail.
   822 | D:1      | 822 ||| DROPPING +0 leather armour.
   823 | D:1      | 823 ||| UPGRADING to amulet of guardian spirit.
   828 | D:1      | 828 ||| READING 3 scrolls labelled YRUATATSUL.
   829 | D:1      | 829 ||| DRINKING 3 coppery potions.
   865 | D:1      | 865 ||| READING 2 scrolls of identify.
   865 | D:1      | 865 ||| IDENTIFYING glowing pink potion
   866 | D:1      | 866 ||| DROPPING scroll of poison.
   867 | D:1      | 867 ||| DROPPING 2 potions of lignification.
   868 | D:1      | 868 ||| DROPPING potion of brilliance.
   951 | D:2      | 951 ||| Stepping ~*~*~tactically~*~*~ (outnumbered).
  1162 | D:2      | Reached XP level 4. HP: 26/26 MP: 5/5
  1363 | D:2      | Found Ymeatzov's Armour Shoppe.
  1368 | D:2      | 1368 ||| BUYING +0 helmet (45 gold).
  1368 | D:2      | Bought a +0 helmet for 45 gold pieces
  1368 | D:2      | 1368 ||| SHOPLISTING +2 hat (160 gold, have 52).
  1368 | D:2      | 1368 ||| SHOPLISTING +2 leather armour of cold resistance
                  | (190 gold, have 52).
  1368 | D:2      | 1368 ||| UPGRADING to +0 helmet.
  1373 | D:2      | 1373 ||| READING scroll labelled EMORAPISEGE.
  1637 | D:3      | Reached skill level 1 in Armour
  1662 | D:3      | Noticed a scorpion
  1673 | D:3      | Reached skill level 4 in Ranged Weapons
  1695 | D:3      | Killed a scorpion
  1696 | D:3      | Reached skill level 5 in Ranged Weapons
  1696 | D:3      | Reached XP level 5. HP: 11/30 MP: 2/6
  1879 | D:3      | HP: 5/30 [orc/+0 flail (6)]
  1880 | D:3      | 1880 ||| READING scroll of teleportation.
  1881 | D:3      | HP: 2/30 [orc/+0 flail (2)]
  1882 | D:3      | Slain by an orc

Levels and vault maps discovered:
D:1:      saegor_arrival_simple_d, layout_loops_cross, chequers_jeans,
          st_stairs_7, serial_bayou_pond_e, chequers_arboretum
D:2:      layout_rooms, serial_shops, nicolae_shop_pleasant_corner_grove
D:3:      layout_loops_ring, minmay_divided_ellipse

Skill      XL: |  1  2  3  4 |
---------------+-------------+-----
Ranged Weapons | 3 5 |  5.1
Fighting       | 2 |  2.2
Armour         | 1 |  1.3
Dodging        | |  1.5
Spellcasting   | |  1.0
Hexes          | |  2.6

Action                     |  1- 3 |  4- 6 || total
---------------------------+-------+-------++-------
   Fire: Sling             |   132 |   103 ||   235
    Use: Scroll            |     2 |     2 ||     4
         Potion            |     1 |       ||     1
 Armour: Robe              |     9 |       ||     9
         Ring mail         |    42 |    62 ||   104
  Dodge: Dodged            |    41 |    60 ||   101

Table legend:
 A = Non-vault XP
 B = Vault XP
 C = Vault XP percentage of total XP
 D = Non-vault monster count
 E = Vault monster count
 F = Vault count percentage of total count
                 A         B        C        D         E       F
            +---------+---------+-------+---------+---------+-------
      Total |      96 |     165 |  63.2 |      44 |      13 |  22.8
            +---------+---------+-------+---------+---------+-------
        D:1 |      36 |       4 |  10.0 |      22 |       2 |   8.3
        D:2 |      46 |       0 |   0.0 |      15 |       0 |   0.0
        D:3 |      14 |     161 |  92.0 |       7 |      11 |  61.1
            +---------+---------+-------+---------+---------+-------
